AoeStats
← nlhoekstra95

Arabia

509193681Analyzed
2v2 RM · 6d ago on Sep 25, 2026· 69m 32s· 4 players
Game mode
Random Map
Map size
Medium (4 player)
Population
200
Speed
Normal
Resources
Standard
Victory
Conquest
Starting age
Dark Age
Ending age
Imperial Age
RankedLock teamsTeams togetherTeam positionsShared explorationLock speedFull tech treeHidden civsTurbo modeCheats
Victory
Defeat
🇳🇱 Bengalis · Netherlands
944
+15
🇳🇱 Romans · Netherlands
918
+16
🇧🇷 Sicilians · Brazil
945
-16
🇪🇸 Spanish · Spain
898
-15
elizardo1995
11:33 Feudal Age
9:49 Loom
12:01 Double-Bit Axe
14:32 Horse Collar
23:19 Castle Age
23:14 Wheelbarrow
24:40 Castle Age
24:16 Gold Mining
26:11 Fletching
27:13 Bow Saw
29:28 Crossbowman
30:20 Town Watch
31:02 Heavy Plow
30:30 Elite Skirmisher
33:07 Bodkin Arrow
34:12 Padded Archer Armor
34:45 Stone Mining
40:06 Leather Archer Armor
42:33 Hand Cart
42:33 Town Patrol
44:28 Bloodlines
44:20 Husbandry
60:14 Imperial Age
67:19 Elite Ratha (Ranged)
nlhoekstra95
6:57 Loom
9:27 Feudal Age
9:39 Man-at-Arms
13:47 Scale Mail Armor
15:26 Horse Collar
22:01 Castle Age
20:57 Double-Bit Axe
21:36 Forging
21:33 Gold Mining
22:26 Long Swordsman
23:51 Squires
26:39 Wheelbarrow
28:02 Chain Mail Armor
30:04 Town Watch
33:11 Iron Casting
33:47 Heavy Plow
34:01 Bow Saw
37:00 Hand Cart
40:37 Imperial Age
38:46 Fletching
39:04 Scale Barding Armor
41:20 Town Patrol
41:01 Legionary
43:39 Stone Mining
44:24 Gold Shaft Mining
45:06 Conscription
49:32 Comitatenses
51:13 Blast Furnace
50:09 Bodkin Arrow
63:07 Heavy Scorpion
64:20 Ballistics
63:56 Murder Holes
63:48 Elite Centurion
OLVIDADO2538
0:29 Loom
11:08 Feudal Age
14:13 Wheelbarrow
16:02 Castle Age
17:01 Gold Mining
17:45 Double-Bit Axe
19:20 Bow Saw
19:00 Town Watch
19:34 Horse Collar
22:20 Heavy Plow
25:53 Stone Mining
31:43 Stone Shaft Mining
33:02 Hand Cart
37:53 Imperial Age
36:45 Squires
36:31 Gambesons
36:07 Pikeman
36:55 Thumb Ring
36:11 Elite Skirmisher
37:39 Ballistics
37:16 Murder Holes
39:40 Two-Man Saw
38:35 Fletching
38:45 Padded Archer Armor
39:37 Conscription
40:48 Chemistry
42:10 Supremacy
42:59 Sanctity
52:59 Leather Archer Armor
52:45 Bodkin Arrow
Aguillon_Mignon
11:25 Feudal Age
12:22 Double-Bit Axe
12:21 Horse Collar
16:05 Stone Mining
18:36 Fletching
25:56 Castle Age
24:31 Bloodlines
25:05 Forging
25:33 Arson
25:49 Scale Mail Armor
26:04 Gold Mining
26:57 Bodkin Arrow
27:48 Husbandry
27:12 Crossbowman
30:03 Iron Casting
29:45 Chain Mail Armor
30:41 Gold Shaft Mining
33:59 Padded Archer Armor
35:48 Squires
35:34 Gambesons
Connection lost

Rejoining the realm…

Still unreachable

The connection could not be restored.

Session expired

The server has moved on; the page needs a fresh start.